 Dungeon Crawl Stone Soup version 0.29-a0-876-gfc89b1a5bd (webtiles) character file.

Game seed: 810969177604402154

1781 jlumianski the Chiller (level 8, -2/56 HPs)
             Began as a Demonspawn Ice Elementalist on July 18, 2022.
             Was an Initiate of Hepliaklqana.
             Killed by divine providence
             ... invoked by an orc priest
              (12 damage)
             ... on level 6 of the Dungeon on July 19, 2022.
             The game lasted 00:58:07 (8879 turns).

jlumianski the Chiller (DsIE)                       Turns: 8879, Time: 00:58:08

Health: -2/56      AC:  6    Str:  9    XL:     8   Next: 81%
Magic:  17/17      EV: 18    Int: 25    God:    Hepliaklqana [......]
Gold:   197        SH:  0    Dex: 19    Spells: 10/19 levels left

rFire   . . .      SeeInvis .   E - +1 longbow (vorpal)
rCold   . . .      Faith    .   (shield currently unavailable)
rNeg    . . .      Spirit   .   H - +0 leather armour
rPois   .          Reflect  .   (helmet restricted)
rElec   .          Harm     .   (no cloak)
rCorr   .          Rampage  .   (no gloves)
Will    .....                   h - +1 pair of boots
Stlth   ++........              (no amulet)
HPRegen 0.18/turn               o - +6 ring of dexterity
MPRegen 0.15/turn               u - +6 ring of intelligence

@: agile
A: powered by death 1, powered by pain 1, sharp scales 1, antennae 1, screaming
1
a: Renounce Religion


You were on level 6 of the Dungeon.
You worshipped Hepliaklqana.
Hepliaklqana was noncommittal.
You visited 2 branches of the dungeon, and saw 7 of its levels.
You also visited: Sewer.

You collected 197 gold pieces.

Inventory:

Hand Weapons
 d - a +0 short sword
 f - a +0 long sword
 g - a +0 dagger of venom
 k - a +0 dagger of speed
 m - a +4 vampiric whip
 n - a +0 dagger of electrocution
 r - a +1 flail of draining
 t - a +0 spear
 E - a +1 vorpal longbow (weapon)
Missiles
 e - 76 stones
 j - 4 atropa-tipped darts
 s - 2 throwing nets
 C - 21 poisoned darts
Armour
 a - a +0 robe
 h - a +1 pair of boots (worn)
 l - a +0 helmet
 H - a +0 leather armour (worn)
Jewellery
 o - a +6 ring of dexterity (left hand)
 q - a ring of willpower
 u - a +6 ring of intelligence (right hand)
 v - a +6 ring of intelligence
 J - an amulet of faith
Wands
 L - a wand of flame (11)
Scrolls
 c - 4 scrolls of magic mapping
 w - a scroll of fear
 y - a scroll of noise
 A - 2 scrolls of teleportation
Potions
 b - 3 potions of magic
 i - 2 potions of curing
 p - a potion of berserk rage
 x - a potion of mutation
 z - 2 potions of lignification
 B - a potion of invisibility
 D - a potion of haste
 F - a potion of experience {unknown}
 G - a potion of resistance {unknown}
 I - a potion of brilliance {unknown}
 K - a potion of flight {unknown}


   Skills:
 + Level 2.2 Fighting
 + Level 1.2 Short Blades
 + Level 2.3 Armour
 + Level 3.1 Dodging
 + Level 3.4 Stealth
 + Level 6.1 Spellcasting
 * Level 4.4 Summonings
 + Level 6.2 Ice Magic


You had 10 spell levels left.
You knew the following spells:

 Your Spells              Type           Power      Damage    Failure   Level
a - Freeze                Ice            100%       1d11      1%          1
b - Frozen Ramparts       Ice            78%        1d9       2%          3
c - Ozocubu's Armour      Ice            39%        N/A       2%          3
d - Call Imp              Summ           29%        N/A       2%          2

Your spell library contained the following spells:

 Spells                   Type           Power      Damage    Failure   Level
 Call Canine Familiar     Summ           29%        N/A       4%          3
 Magic Dart               Conj           28%        1d4       10%         1
 Slow                     Hex            28%        N/A       10%         1
 Sublimation of Blood     Necr           7%         N/A       16%         2
 Wereblood                Tmut           7%         N/A       16%         2
 Hailstorm                Conj/Ice       23%        3d7       28%         4
 Confusing Touch          Hex            7%         N/A       30%         3
 Inner Flame              Hex/Fire       7%         N/A       30%         3
 Mephitic Cloud           Conj/Pois/Air  7%         N/A       30%         3
 Portal Projectile        Hex/Tloc       14%        N/A       30%         3
 Vampiric Draining        Necr           7%         2d6       30%         3
 Cause Fear               Hex            3%         N/A       69%         4
 Leda's Liquefaction      Hex/Erth       3%         N/A       69%         4
 Summon Hydra             Summ           14%        N/A       100%        7
 Discord                  Hex            3%         N/A       100%        8


Dungeon Overview and Level Annotations

Branches:
Dungeon (6/15)             Temple (1/1) D:6           Sewer (visited)

Altars:
Cheibriados
Dithmenos
Fedhas
Hepliaklqana
Kikubaaqudgha
Makhleb
Nemelex Xobeh
Qazlal
Uskayaw
Yredelemnul

Shops:
D:5 (


Innate Abilities, Weirdness & Mutations

You regenerate a little health from kills.
You sometimes gain a little power by taking damage.
You are partially covered in razor-sharp scales. (AC +1, Slay +1)
You have a pair of small antennae on your head.
You occasionally shout uncontrollably at your foes.


Message History

a +0 leather armour; a +0 whip; a gnoll corpse
There is a staircase back to the Dungeon here.
Magic restored.
Done exploring.
You start waiting.
Done waiting.
You climb upwards.
Welcome back to the Dungeon!
There is a staircase to the Ecumenical Temple here.
Found a scroll of identify.
Found 8 stones.
Found a book of Blood.
L - a wand of flame (11)
An orc priest comes into view. It is wielding a +0 whip.
An orc comes into view. It is wielding a +0 hand axe.
The orc priest shouts!
The orc shouts!
An orc comes into view.
It is wielding a +2 dagger of electrocution.
An orc comes into view. It is wielding a +0 mace.
An orc wizard comes into view. It is wielding a +0 dagger.
You see here a book of Blood.
You pick up a book of Blood and begin reading...
You add the spells Sublimation of Blood, Wereblood and Summon Hydra to your library.
The orc priest calls down the wrath of Beogh upon you.
Beogh smites you!
You focus on the pain.
You feel agile all of a sudden.
The orc shouts!
The orc wizard shouts!
The orc priest calls down the wrath of Beogh upon you.
Beogh smites you!
The orc priest calls down the wrath of Beogh upon you.
Pain shoots through your body!
The orc wizard gestures at you while chanting.
The puff of flame hits you!
* * * LOW HITPOINT WARNING * * *
You focus on the pain.
You feel more agile all of a sudden.
An adder comes into view.
The orc priest invokes the aid of Beogh against you.
Beogh smites you!
You die...

. .........#.....
.............##.....
...##.g.........#..
#..........>[......
#...#...........#.# #
#.#...#.......###.# .#
............###...##.##
#.........#........#..#.
......[.....##..@.[##..S
.............#........#
.....<.......##...###...
.............[#o###.....
..............#.#......
.......................
.............oo#......?.
........................
###........o...........#


You could see an orc priest and an orc.

Vanquished Creatures
  2 water moccasins
  An ice beast (D:5)
  A black bear (D:5)
  3 ogres
  A phantom (D:4)
  A kobold brigand (Sewer)
  A bullfrog (Temple)
  3 scorpions
  A hound (D:5)
  An orc priest (D:5)
  A gnoll bouda (Temple)
  An iguana (D:5)
  Natasha (thrice) (D:4)
  An orc wizard (D:5)
  Robin (D:1)
  7 gnolls
  11 river rats
  12 adders
  2 worms
  5 dart slugs
  4 orcs
  12 bats
  12 endoplasms
  7 giant cockroaches
  10 goblins
  7 hobgoblins
  8 jackals
  11 quokkas
  14 ball pythons
  9 frilled lizards
  18 kobolds
  31 rats
  A spectral hobgoblin (D:1)
203 creatures vanquished.

Vanquished Creatures (collateral kills)
  A phantom (D:4)
  An orc (D:5)
2 creatures vanquished.

Grand Total: 205 creatures vanquished

Notes
Turn   | Place    | Note
-------+----------+-------------------------------------------
     0 | D:1      | jlumianski the Demonspawn Ice Elementalist began the quest
                  | for the Orb.
     0 | D:1      | Reached XP level 1. HP: 13/13 MP: 3/3
   304 | D:1      | Gained mutation: You are partially covered in razor-sharp
                  | scales. (AC +1, Slay +1) [demonic ancestry]
   304 | D:1      | Reached XP level 2. HP: 19/19 MP: 0/5
   895 | D:1      | Found a faded altar of an unknown god.
  1124 | D:1      | Reached XP level 3. HP: 23/24 MP: 6/6
  1525 | D:2      | Noticed Robin
  1780 | D:1      | Killed Robin
  1904 | D:2      | Learned a level 3 spell: Frozen Ramparts
  1908 | D:2      | Learned a level 3 spell: Ozocubu's Armour
  1936 | D:2      | Reached XP level 4. HP: 28/30 MP: 8/8
  3066 | D:3      | Reached XP level 5. HP: 26/35 MP: 5/9
  3175 | D:3      | Learned a level 2 spell: Call Imp
  3249 | D:3      | Found a shadowy altar of Dithmenos.
  3479 | D:3      | Reached skill level 1 in Short Blades
  3530 | D:3      | Upgraded the game from 0.29-a0-870-g2c972031a6 to
                  | 0.29-a0-872-g797fff5ad1
  3798 | D:4      | Noticed a phantom
  3808 | D:4      | Killed a phantom
  3927 | D:4      | Noticed a phantom
  3964 | D:4      | Reached skill level 1 in Summonings
  3966 | D:4      | Gained mutation: You regenerate a little health from kills.
                  | [demonic ancestry]
  3966 | D:4      | Reached XP level 6. HP: 42/42 MP: 4/11
  4062 | D:4      | Found a glowing drain.
  4071 | Sewer    | Entered a sewer
  4543 | Sewer    | Upgraded the game from 0.29-a0-872-g797fff5ad1 to
                  | 0.29-a0-876-gfc89b1a5bd
  5101 | Sewer    | Reached skill level 1 in Fighting
  5101 | Sewer    | Reached skill level 5 in Ice Magic
  5188 | Sewer    | Reached XP level 7. HP: 46/48 MP: 9/13
  5242 | Sewer    | Gained mutation: You are resistant to electric shocks.
                  | (rElec) [potion of mutation]
  5242 | Sewer    | Gained mutation: Your spells are a little harder to cast,
                  | but a little more powerful. [potion of mutation]
  5242 | Sewer    | Gained mutation: You expend magic power (3 MP) to
                  | strengthen your wands. [potion of mutation]
  5264 | Sewer    | Lost mutation: You are resistant to electric shocks.
                  | (rElec) [potion of mutation]
  5264 | Sewer    | Lost mutation: You expend magic power (3 MP) to strengthen
                  | your wands. [potion of mutation]
  5264 | Sewer    | Lost mutation: Your spells are a little harder to cast, but
                  | a little more powerful. [potion of mutation]
  5264 | Sewer    | Gained mutation: You occasionally shout uncontrollably at
                  | your foes. [potion of mutation]
  5264 | Sewer    | Gained mutation: You have a pair of small antennae on your
                  | head. [potion of mutation]
  5999 | D:4      | Reached skill level 1 in Armour
  6261 | D:4      | Found a basalt altar of Yredelemnul.
  6267 | D:4      | Noticed Natasha
  6273 | D:4      | Killed Natasha
  6336 | D:5      | Entered Level 5 of the Dungeon
  6346 | D:4      | Noticed Natasha
  6355 | D:4      | Killed Natasha
  6369 | D:5      | Found Iqull's Antique Weapon Emporium.
  6655 | D:5      | Reached skill level 5 in Spellcasting
  6753 | D:4      | Noticed Natasha
  6759 | D:4      | Killed Natasha
  6760 | D:4      | Gained mutation: You sometimes gain a little power by
                  | taking damage. [demonic ancestry]
  6760 | D:4      | Reached XP level 8. HP: 21/54 MP: 8/15
  8091 | D:5      | Found an ancient bone altar of Kikubaaqudgha.
  8450 | D:6      | Found a staircase to the Ecumenical Temple.
  8460 | Temple   | Entered the Ecumenical Temple
  8535 | Temple   | Became a worshipper of Hepliaklqana the Forgotten
  8879 | D:6      | Killed from afar by an orc priest

Illustrated notes

Levels and vault maps discovered:
D:1:      spicycebolla_arrival_risky_transporter, layout_rooms,
          dreamdust_ecumenical_altar_drowned_temple
D:2:      layout_loops_corners, kennysheep_cross_room, uniq_robin
D:3:      layout_loops_ring, mainiacjoe_overflow_alcove_1,
          nicolae_dithmenos_through_a_glass_darkly
D:4:      layout_rooms, nicolae_overflow_crystal_walls,
          lightli_sewer_entry_pipes, uniq_natasha
D:5:      layout_basic, kiku_gazebo_pond_becter, serial_shops, shop
D:6:      layout_rooms, minmay_temple_entry_slanted, gammafunk_ghost_smash,
          lexackson_kobold_supper
Temple:   hellmonk_temple_beads

Skill      XL: |  1  2  3  4  5  6  7  8 |
---------------+-------------------------+-----
Ice Magic      | 4 5 6 |  6.2
Stealth        | 2 3 |  3.4
Dodging        | 2 3 |  3.1
Spellcasting   | 3 4 5 6 |  6.1
Short Blades   | 1 |  1.2
Summonings     | 1 2 3 4 |  4.4
Fighting       | 1 2 |  2.2
Armour         | 1 2 |  2.3

Action                   |  1- 3 |  4- 6 |  7- 9 || total
-------------------------+-------+-------+-------++-------
Melee: Short sword       |     4 |       |       ||     4
       Dagger            |    57 |   128 |     4 ||   189
       Punch             |     1 |     1 |       ||     2
 Fire: Longbow           |       |       |    86 ||    86
Throw: Stone             |     1 |     1 |     1 ||     3
 Cast: Freeze            |    37 |     4 |     1 ||    42
       Frozen Ramparts   |       |    44 |    38 ||    82
       Ozocubu's Armour  |       |     2 |     6 ||     8
       Call Imp          |       |     1 |     3 ||     4
  Use: Scroll            |       |     1 |    13 ||    14
       Potion            |       |       |     2 ||     2
 Stab: Sleeping          |     4 |     9 |       ||    13
Armor: Robe              |    26 |    60 |       ||    86
       Leather armour    |       |     3 |    30 ||    33
Dodge: Dodged            |    57 |   108 |    92 ||   257

Table legend: (Time is in decaauts)
 A = Elapsed time spent in this place.
 B = Non-inter-level travel time spent in this place.
 C = Inter-level travel time spent in this place.
 D = Time resting spent in this place.
 E = Time spent auto-exploring this place.
 F = Levels seen in this place.
 G = Mean time per level.
                   A        B        C        D        E       F      G
               +--------+--------+--------+--------+--------+-----+--------+
         Total |   9053 |   8945 |    108 |   1361 |   3833 |   8 | 1131.6 |
       Dungeon |   6906 |   6798 |    108 |   1063 |   3502 |   6 | 1151.0 |
        Temple |    390 |    390 |      0 |    184 |     10 |   1 |  390.0 |
         Sewer |   1757 |   1757 |      0 |    114 |    321 |   1 | 1757.0 |
               +--------+--------+--------+--------+--------+-----+--------+

Top non-repeatable levels by time:
     D:4: 1788 daAuts
   Sewer: 1757 daAuts
     D:1: 1495 daAuts
     D:2: 1254 daAuts
     D:5: 1223 daAuts
     D:3: 1062 daAuts
  Temple: 390 daAuts
     D:6: 81 daAuts
